 Dungeon Crawl Stone Soup version 0.20.1-1-g8b1a95d (webtiles) character file.

2226 myopia the Basher (level 9, -3/57 HPs)
             Began as a Gargoyle Fighter on Jan 1, 2018.
             Was a Priest of Okawaru.
             Slain by a hippogriff (5 damage)
             ... on level 6 of the Dungeon.
             The game lasted 00:43:38 (4877 turns).

myopia the Basher (Gargoyle Fighter)                Turns: 4877, Time: 00:43:39

Health: -3/57      AC:  6    Str: 20    XL:     9   Next: 36%
Magic:  9/9        EV: 14    Int:  9    God:    Okawaru [***...]
Gold:   278        SH: 11    Dex: 21    Spells: 8/8 levels left

rFire    + . .     SeeInvis .   a - +1 flail
rCold    + . .     Gourm    .   c - +0 shield
rNeg     + . .     Faith    .   (no armour)
rPois    ∞         Spirit   .   (no helmet)
rElec    +         Reflect  .   m - scarf {rC+ rF+}
rCorr    +         Harm     .   o - +0 pair of gloves
MR       .....                  (no boots)
Stlth    +++.......             (no amulet)
Regen    0.2/turn               k - ring of resist corrosion
MPRegen  0.2/turn               A - +4 ring of dexterity

@: agile
A: negative energy resistance 1, electricity resistance, unbreathing,
petrification resistance, rot immunity, sturdy frame 2, AC +5
a: Heroism, Renounce Religion


You were on level 6 of the Dungeon.
You worshipped Okawaru.
Okawaru was most pleased with you.
You were not hungry.

You visited 1 branch of the dungeon, and saw 6 of its levels.
You also visited: Ossuary.

You collected 278 gold pieces.

Inventory:

Hand Weapons
 a - a +1 flail (weapon)
 s - a +0 blowgun
 w - a +1 whip of electrocution
Missiles
 t - 19 poisoned needles
 v - 51 arrows
 F - 5 poisoned tomahawks (quivered)
Armour
 c - a +0 shield (worn)
 m - a scarf of resistance (worn)
 o - a +0 pair of gloves (worn)
 u - a +1 ring mail of fire resistance
 G - a +0 chain mail
 I - a +2 leather armour of magic resistance
 O - a +0 plate armour
Jewellery
 k - a ring of resist corrosion (left hand)
 r - a +3 ring of dexterity
 y - an uncursed ring of poison resistance
 A - a +4 ring of dexterity (right hand)
 E - an uncursed ring of ice
Wands
 b - a wand of lightning (2/15)
 n - a wand of confusion (7/48)
Scrolls
 e - 4 scrolls of remove curse
 i - 5 scrolls of amnesia
 l - 3 scrolls of noise
 q - 2 scrolls of enchant weapon
 z - a scroll of fog
 C - a scroll of recharging
 D - 2 scrolls of teleportation
 K - a scroll of immolation {unknown}
 N - a scroll of enchant armour {unknown}
Potions
 d - 3 potions of might
 g - a potion of curing
 h - 2 potions of resistance
 B - 2 potions of cancellation
 J - a potion of agility
 M - a potion of brilliance {unknown}
Books
 L - a book of Changes

   Spells                             Type                      Level
   a - Beastly Appendage              Transmutation                1
   b - Sticks to Snakes               Transmutation                2
   c - Spider Form                    Transmutation/Poison         3
   d - Ice Form                       Ice/Transmutation            4
   e - Blade Hands                    Transmutation                5
Comestibles
 f - 2 bread rations
 j - a meat ration
 p - a royal jelly
 x - 2 fruits
 H - 7 chunks of flesh


   Skills:
 - Level 7.1 Fighting
 - Level 8.0 Maces & Flails
 - Level 7.1 Armour
 + Level 6.0 Shields


You had 8 spell levels left.
You didn't know any spells.

Dungeon Overview and Level Annotations

Branches:
Dungeon (6/15)
 Temple: D:4-7

Altars:
Ashenzari
Cheibriados
Gozag
Kikubaaqudgha
Makhleb
Okawaru
Vehumet
Yredelemnul
The Shining One


Innate Abilities, Weirdness & Mutations

You are resistant to torment.
Your stone body is resilient. (AC +5)
You are immune to poison.
You resist negative energy. (rN+)
You are resistant to electric shocks. (rElec)
You can survive without breathing.
You are immune to petrification.
You are immune to rotting.
Your movements are less encumbered by armour. (ER -4)


Message History

You hit the hippogriff.
The hippogriff is heavily wounded.
You block the hippogriff's attack. x2; The hippogriff claws you.
* * * LOW HITPOINT WARNING * * *
You sock the hippogriff!
The hippogriff is severely wounded.
You block the hippogriff's attack. The hippogriff pecks you.
* * * LOW HITPOINT WARNING * * *
The hippogriff claws you but does no damage.
You hit the hippogriff.
The hippogriff is severely wounded.
The hippogriff bites you!
* * * LOW HITPOINT WARNING * * *
The hippogriff pecks you but does no damage.
The hippogriff claws you.
* * * LOW HITPOINT WARNING * * *
You feel agile all of a sudden.
The hippogriff bites you but does no damage.
You block the hippogriff's attack. The hippogriff claws you.
You die...

..........####
####...........#######
...................)...
#.....................
#>...................8.
.###......................
........#######.........#.
....##...######..........#
...#..#.).H@†)............
.....#.########.........#
######..# #.........#
H...# #.........# ......#
##.####.### #.....## #.# #
###### #.# #.# .# ####.##
#.#


You could see a hippogriff.

Vanquished Creatures
  Pikel (D:5)
  Grinder (D:5)
  A wraith (Ossuary)
  2 slaves (D:5)
  An orc warrior (D:6)
  2 ogres
  A bullfrog (D:5)
  2 vampire bats (D:4)
  A howler monkey (D:4)
  2 crimson imps
  5 orc wizards
  A bullfrog skeleton (D:5)
  A gnoll shaman (D:4)
  4 orc priests
  2 iguanas (D:5)
  Ijyb (D:3)
  Terence (D:2)
  7 worker ants
  3 mummies (Ossuary)
  Robin (D:4)
  9 gnolls
  7 adders
  An ooze (D:3)
  4 worms
  2 dart slugs
  A leopard gecko (D:2)
  26 orcs
  A ball python (D:2)
  3 bat skeletons (D:4)
  2 bat zombies (D:4)
  5 giant cockroaches
  11 goblins
  6 hobgoblins
  2 jackals (D:3)
  A quokka (D:3)
  A ball python zombie (D:5)
  4 bats
  4 frilled lizards
  A gnoll zombie (Ossuary)
  2 goblin zombies (Ossuary)
  A hobgoblin zombie (Ossuary)
  5 kobolds
  4 kobold zombies (Ossuary)
  A quokka skeleton (D:4)
  A quokka zombie (D:5)
  8 rats
153 creatures vanquished.

Notes
Turn   | Place    | Note
-------+----------+-------------------------------------------
     0 | D:1      | myopia the Gargoyle Fighter began the quest for the Orb.
     0 | D:1      | Reached XP level 1. HP: 14/14 MP: 1/1
   380 | D:1      | Reached XP level 2. HP: 19/19 MP: 2/2
   529 | D:1      | Reached skill level 3 in Maces & Flails
   951 | D:2      | Found a snail-covered altar of Cheibriados.
   978 | D:2      | Noticed Terence
   992 | D:2      | Killed Terence
   992 | D:2      | Reached XP level 3. HP: 12/23 MP: 3/3
  1043 | D:2      | Reached skill level 4 in Maces & Flails
  1324 | D:2      | Reached XP level 4. HP: 25/28 MP: 4/4
  1735 | D:3      | Reached skill level 5 in Maces & Flails
  1735 | D:3      | Reached XP level 5. HP: 29/32 MP: 5/5
  1824 | D:3      | Noticed Ijyb
  1895 | D:3      | Killed Ijyb
  1952 | D:3      | Found a basalt altar of Yredelemnul.
  1954 | D:3      | Noticed a profane servitor
  1967 | D:3      | Found a glowing golden altar of the Shining One.
  1972 | D:3      | Noticed an angel
  1988 | D:3      | Found an iron altar of Okawaru.
  2002 | D:3      | Became a worshipper of Warmaster Okawaru
  2153 | D:4      | Noticed Robin
  2241 | D:4      | Found a shattered altar of Ashenzari.
  2262 | D:4      | Killed Robin
  2280 | D:4      | Reached skill level 6 in Maces & Flails
  2280 | D:4      | Reached XP level 6. HP: 33/37 MP: 6/6
  2343 | D:4      | Found a burning altar of Makhleb.
  2344 | D:4      | Found a radiant altar of Vehumet.
  2427 | D:4      | Found an ancient bone altar of Kikubaaqudgha.
  2432 | D:4      | Reached * piety under Okawaru
  2432 | D:4      | Reached skill level 7 in Maces & Flails
  2522 | D:4      | Reached XP level 7. HP: 9/41 MP: 7/7
  2651 | D:4      | HP: 1/41 [orc priest/divine providence (10)]
  2861 | D:4      | Reached skill level 8 in Maces & Flails
  3166 | D:5      | Entered Level 5 of the Dungeon
  3259 | D:5      | Found a sand-covered staircase.
  3266 | Ossuary  | Entered an ossuary
  3266 | Ossuary  | Noticed a wraith
  3266 | Ossuary  | Noticed a wraith
  3266 | Ossuary  | Noticed a wraith
  3344 | Ossuary  | Noticed a wraith
  3364 | Ossuary  | Killed a wraith
  3364 | Ossuary  | Reached XP level 8. HP: 13/48 MP: 8/8
  3572 | Ossuary  | Gained mutation: You are robust. (+10% HP) [potion of mutation]
  3572 | Ossuary  | Gained mutation: Your movements are slightly less encumbered by armour. (ER -2) [potion of mutation]
  3572 | Ossuary  | Lost mutation: You are robust. (+10% HP) [potion of mutation]
  3572 | Ossuary  | Gained mutation: Your movements are less encumbered by armour. (ER -4) [potion of mutation]
  3713 | D:5      | Noticed Pikel
  3822 | D:5      | Killed Pikel
  3822 | D:5      | Reached ** piety under Okawaru
  3834 | D:5      | Noticed Grinder
  3841 | D:5      | Paralysed by Grinder for 7 turns
  3864 | D:5      | Killed Grinder
  3895 | D:5      | Found an opulent altar of Gozag.
  4266 | D:5      | Reached XP level 9. HP: 56/56 MP: 9/9
  4398 | D:5      | Reached *** piety under Okawaru
  4756 | D:6      | Reached skill level 5 in Shields
  4876 | D:6      | HP: 1/57 [hippogriff (6)]
  4877 | D:6      | Slain by a hippogriff

Skill      XL: |  1  2  3  4  5  6  7  8  9 |
---------------+----------------------------+-----
Maces & Flails | 3 4 5 6 7 8 |  8.0
Armour         | 4 7 |  7.1
Fighting       | 4 6 7 |  7.1
Shields        | 6 |  6.0

Action                   |  1- 3 |  4- 6 |  7- 9 || total
-------------------------+-------+-------+-------++-------
Melee: Flail             |   129 |   221 |   299 ||   649
       Unarmed           |       |    16 |       ||    16
       Whip              |       |       |    13 ||    13
Throw: Tomahawk          |       |       |    10 ||    10
  Use: Scroll            |       |     4 |    11 ||    15
       Potion            |       |     4 |     7 ||    11
 Stab: Sleeping          |       |       |     1 ||     1
  Eat: Chunk             |     2 |     4 |     7 ||    13
       Fruit             |       |       |     1 ||     1
Armor: Scale mail        |    75 |    50 |       ||   125
       Ring mail         |       |    58 |    55 ||   113
       Chain mail        |       |       |     7 ||     7
       Leather armour    |       |       |    28 ||    28
       Skin              |       |       |     7 ||     7
Dodge: Dodged            |    49 |    60 |    77 ||   186
Block: Shield            |    60 |   113 |   129 ||   302
